 Dungeon Crawl Stone Soup version 0.31.0-9-g3a7656b989 (webtiles) character file.

Game seed: 13030907292885560613

77 qw the Shooter (level 4, -1/25 HPs)
             Began as a Deep Elf Hunter on Feb 2, 2024.
             Slain by a centaur (3 damage)
             ... on level 3 of the Dungeon.
             The game lasted 00:00:06 (1012 turns).

qw the Shooter (Deep Elf Hunter)                    Turns: 1012, Time: 00:00:06

Health: -1/25      AC:  7    Str: 10    XL:     4   Next: 13%
Magic:  6/6        EV: 11    Int: 14    God:
Gold:   66         SH:  0    Dex: 24    Spells: 3/3 levels left

rFire   x . .        a - +1 shortbow (heavy)
rCold   . . .        (shield currently unavailable)
rNeg    . . .        h - +2 ring mail
rPois   .            (no helmet)
rElec   .            (no cloak)
rCorr   .            (no gloves)
SInv    .            (no boots)
Will    .....        (no amulet)
Stlth   ++           g - +6 ring of dexterity
HPRegen 0.24/turn    (no ring)
MPRegen 0.10/turn

%: random rage (3%)
@: about to teleport
A: fangs 1, berserk 1, wild magic 1, heat vulnerability 1
a: no special abilities


You were on level 3 of the Dungeon.
You visited 1 branch of the dungeon, and saw 3 of its levels.

You collected 66 gold pieces.


Innate Abilities, Weirdness & Mutations

You have very sharp teeth.
You sometimes lose your temper in combat.
Your spells are a little harder to cast, but a little more powerful.
You are vulnerable to heat. (rF-)


   Skills:
 - Level 1.5 Fighting
 + Level 7.5 Ranged Weapons
 - Level 2.4 Dodging
 - Level 1.2 Stealth


You had 3 spell levels left.
You didn't know any spells.
Your spell library was empty.

Inventory:

Hand Weapons
 a - a +1 heavy shortbow (weapon)
Armour
 h - a +2 ring mail (worn)
Jewellery
 g - a +6 ring of dexterity (left hand)
Scrolls
 d - a scroll of brand weapon
 f - 2 scrolls of teleportation
Potions
 e - a potion of enlightenment
 j - a potion of curing {unknown}

Dungeon Overview and Level Annotations

Branches:
Dungeon (3/15)

Altars:


Message History

You shoot an arrow. The endoplasm quivers.
The arrow hits the endoplasm!
You kill the endoplasm!
You see here a hobgoblin corpse.
You see here a ball python corpse.
A centaur comes into view.
You shoot an arrow. The arrow hits the centaur.
The centaur shouts!
The centaur is moderately wounded.
The centaur wields a +0 orcbow.
The centaur shoots an arrow.
The arrow closely misses you.
You shoot an arrow. The arrow barely misses the centaur.
The centaur shoots an arrow.
The arrow hits you.
An adder comes into view.
You shoot an arrow. The adder hisses angrily.
The arrow hits the centaur!
The centaur is severely wounded.
The centaur shoots an arrow.
The arrow hits you!
The centaur shoots an arrow.
The arrow barely misses you.
The centaur shoots an arrow.
The arrow hits you but does no damage.
You shoot an arrow.
The arrow completely misses the centaur.
The arrow closely misses the adder.
The centaur shoots an arrow.
The arrow hits you!
1010 ||| READING 3 scrolls of teleportation.
As you read the scroll of teleportation, it crumbles to dust.
You feel strangely unstable.
The centaur shoots an arrow.
The arrow misses you.
You shoot an arrow.
The arrow completely misses the centaur.
The adder bites you but does no damage. The adder closely misses you.
You shoot an arrow. The arrow hits the centaur.
The centaur is almost dead.
The centaur unwields a +0 orcbow.
The centaur hits you but does no damage.
The centaur kicks you. The adder bites you but does no damage.
The centaur hits you.
You die...

#######...........# #.#
######...#.####.## #.#
#.......#.## #.# #.#
#.###...### #.# #.#
##.###...## #.# ######.#
....<%.<..######.###..%...#
#.)#####..............%##)#
#. #.#####........##.# . .#
#.@###.#.##.# .# #cS#
#.#.##.. #..# #.#.#### #..#
#.#.# #..# #.#.# #..# #.#.#
#..# #.#.. ...# #.# #.#


You could see a centaur and an adder.

Vanquished Creatures
  An adder (D:2)
  A gnoll (D:3)
  A dart slug (D:1)
  A ribbon worm (D:2)
  2 orcs
  6 endoplasms
  5 goblins
  6 hobgoblins
  5 kobolds
  2 quokkas (D:1)
  4 ball pythons
  8 bats
  2 frilled lizards (D:2)
  3 rats
47 creatures vanquished.

Notes
Turn   | Place    | Note
-------+----------+-------------------------------------------
     0 | D:1      | qw the Deep Elf Hunter began the quest for the Orb.
     0 | D:1      | Reached XP level 1. HP: 12/12 MP: 3/3
     0 | D:1      | 0 ||| qw: Version: 0.3-a-155-g5e7d8dd
     0 | D:1      | 0 ||| qw: Game counter: 2293
     0 | D:1      | 0 ||| qw: Melee chars always use a shield: true
     0 | D:1      | 0 ||| qw: God list: Okawaru
     0 | D:1      | 0 ||| qw: Allow faded altars: false
     0 | D:1      | 0 ||| qw: Do Orc after clearing Dungeon:15 true
     0 | D:1      | 0 ||| qw: Do second Lair branch before Depths: true
     0 | D:1      | 0 ||| qw: Lair rune preference: random
     0 | D:1      | 0 ||| qw: Goals: Normal
     0 | D:1      | 0 ||| PLANNING D:1-11
    83 | D:1      | Reached XP level 2. HP: 16/16 MP: 4/4
    95 | D:1      | Reached skill level 6 in Ranged Weapons
   333 | D:1      | Reached XP level 3. HP: 20/20 MP: 5/5
   443 | D:1      | 443 ||| UPGRADING to +0 ring mail.
   453 | D:1      | 453 ||| DROPPING +0 leather armour.
   454 | D:1      | 454 ||| UPGRADING to +6 ring of dexterity.
   455 | D:1      | 455 ||| READING scroll labelled WAPAUBLY GULIPT.
   455 | D:1      | 455 ||| BRANDING +0 shortbow.
   456 | D:1      | 456 ||| READING 3 scrolls labelled DISMAZ SIDD.
   460 | D:1      | 460 ||| READING scroll labelled BYTEG JIDIKLA.
   460 | D:1      | 460 ||| IDENTIFYING bubbling emerald potion
   461 | D:1      | 461 ||| READING scroll labelled VUWNOSIRE SYSO.
   461 | D:1      | 461 ||| ENCHANTING +0 ring mail.
   462 | D:1      | 462 ||| DRINKING 2 cyan potions.
   462 | D:1      | Gained mutation: You have hidden genetic defects. [potion
                  | of mutation]
   462 | D:1      | Gained mutation: Your body sometimes deteriorates upon
                  | taking damage. [potion of mutation]
   462 | D:1      | Gained mutation: You have supernaturally acute eyesight.
                  | (SInv) [potion of mutation]
   463 | D:1      | 463 ||| DROPPING scroll of butterflies.
   515 | D:2      | 515 ||| READING scroll of enchant armour.
   515 | D:2      | 515 ||| ENCHANTING +1 ring mail.
   607 | D:2      | Gained mutation: You are vulnerable to heat. (rF-) [hidden
                  | defects]
   608 | D:2      | 608 ||| DRINKING potion of mutation.
   608 | D:2      | Lost mutation: You have hidden genetic defects. [potion of
                  | mutation]
   608 | D:2      | Lost mutation: Your body sometimes deteriorates upon taking
                  | damage. [potion of mutation]
   608 | D:2      | Lost mutation: You have supernaturally acute eyesight.
                  | (SInv) [potion of mutation]
   608 | D:2      | Gained mutation: Your spells are a little harder to cast,
                  | but a little more powerful. [potion of mutation]
   608 | D:2      | Gained mutation: You sometimes lose your temper in combat.
                  | [potion of mutation]
   608 | D:2      | Gained mutation: You have very sharp teeth. [potion of
                  | mutation]
   684 | D:2      | Reached skill level 7 in Ranged Weapons
   904 | D:2      | 904 ||| READING scroll of identify.
   904 | D:2      | 904 ||| IDENTIFYING smoky black potion
   905 | D:2      | 905 ||| READING scroll labelled XEL WEGAKORE.
   905 | D:2      | 905 ||| ENCHANTING +0 heavy shortbow.
   906 | D:2      | 906 ||| READING 2 scrolls labelled GATIL NIWUVI.
   907 | D:2      | 907 ||| READING scroll labelled ZUR IMI ZAZXE.
   908 | D:2      | 908 ||| DROPPING potion of invisibility.
   909 | D:2      | 909 ||| DROPPING scroll of noise.
   940 | D:3      | 940 ||| STAIRDANCE
   984 | D:3      | Reached XP level 4. HP: 25/25 MP: 6/6
  1005 | D:3      | Noticed a centaur
  1009 | D:3      | HP: 3/25 [centaur/arrow (8)]
  1010 | D:3      | 1010 ||| READING 3 scrolls of teleportation.
  1012 | D:3      | Slain by a centaur

Levels and vault maps discovered:
D:1:      roderic_crop_circles_arrival_small, layout_rooms, minmay_surrounded
D:2:      layout_rooms, minmay_misc_feat_square
D:3:      layout_loops_ring

Skill      XL: |  1  2  3 |
---------------+----------+-----
Ranged Weapons | 6 7 |  7.5
Fighting       | |  1.5
Dodging        | |  2.4
Stealth        | |  1.2

Action                     |  1- 3 |  4- 6 || total
---------------------------+-------+-------++-------
   Fire: Shortbow          |   101 |     9 ||   110
    Use: Scroll            |     9 |     1 ||    10
         Potion            |     2 |       ||     2
 Armour: Leather armour    |     5 |       ||     5
         Ring mail         |    24 |     9 ||    33
  Dodge: Dodged            |    33 |     4 ||    37

Table legend:
 A = Non-vault XP
 B = Vault XP
 C = Vault XP percentage of total XP
 D = Non-vault monster count
 E = Vault monster count
 F = Vault count percentage of total count
                 A         B        C        D         E       F
            +---------+---------+-------+---------+---------+-------
      Total |      99 |      11 |  10.0 |      42 |       5 |  10.6
            +---------+---------+-------+---------+---------+-------
        D:1 |      32 |      11 |  25.6 |      18 |       5 |  21.7
        D:2 |      43 |       0 |   0.0 |      17 |       0 |   0.0
        D:3 |      24 |       0 |   0.0 |       7 |       0 |   0.0
            +---------+---------+-------+---------+---------+-------
